[ AOE2 MATCH · #513484365 ]
UnrankedCiv #62 vs Malians
Player's team · LOSS
Rival team · WIN
[ REPLAY ANALYSIS · EXTRACTED FROM THE RECORDED GAME ]
Feudal
11:37
Castle
16:20
Imperial
—
| APM avg | 53.0 |
| APM peak | 134 |
| eAPM avg | 22.5 |
| Villagers / military | 133 / 66 |
Focus
⚔️ 20.6% · 🌾 79.4%
Ballestero montado ×61 · Unknown (2703) ×39 · Battering Ram ×4 · Trade Cart ×2 · Mangonel ×1
Feudal
10:14
Castle
22:24
Imperial
39:46
| APM avg | 41.4 |
| APM peak | 76 |
| eAPM avg | 20.2 |
| Villagers / military | 116 / 74 |
Focus
⚔️ 28.8% · 🌾 71.2%
Gbeto ×36 · Skirmisher ×24 · Trebuchet (Packed) ×10 · Militia ×3 · Spearman ×1
Match map
Initial resources + every placement click. Lines = walls · curves = elevation contours. ◆ gold · ⬟ stone · ● berries · ✦ relic · ◌ wall gap
Your base· ✓ Closed at 16:20 · 35t walls · 1 gate(s)
ChoRi-Wolo.gg's base· Open — opponent sealed themselves in
Smoothed initial terrain · ◌ = detected wall gap · hover for details
Inputs per minute
— topickiller2 - - ChoRi-Wolo.gg
Build order — topickiller2
First 150 of 314 actions detected
| 0:01 | Queue | Villager (Male) |
| 0:01 | Queue | Villager (Male) |
| 0:01 | Queue | Villager (Male) |
| 0:03 | Build | House |
| 0:05 | Build | House |
| 0:27 | Queue | Villager (Male) |
| 1:24 | Queue | Villager (Male) |
| 1:25 | Queue | Villager (Male) |
| 1:51 | Build | Lumber Camp |
| 2:01 | Queue | Villager (Male) |
| 2:14 | Queue | Villager (Male) |
| 2:49 | Build | House |
| 2:51 | Build | House |
| 2:52 | Queue | Villager (Male) |
| 3:02 | Queue | Villager (Male) |
| 3:31 | Queue | Villager (Male) |
| 3:47 | Queue | Villager (Male) |
| 4:04 | Build | Palisade Wall |
| 4:15 | Queue | Villager (Male) |
| 4:38 | Build | Palisade Wall |
| 5:12 | Queue | Villager (Male) |
| 5:22 | Research | Loom |
| 5:48 | Queue | Villager (Male) |
| 5:55 | Queue | Villager (Male) |
| 5:55 | Queue | Villager (Male) |
| 6:15 | Build | Palisade Gate |
| 6:16 | Queue | Villager (Male) |
| 6:17 | Queue | Villager (Male) |
| 6:31 | Build | Mill |
| 6:32 | Queue | Villager (Male) |
| 7:01 | Build | Palisade Wall |
| 7:44 | Queue | Villager (Male) |
| 7:55 | Queue | Villager (Male) |
| 8:16 | Queue | Villager (Male) |
| 8:38 | Build | Palisade Wall |
| 8:42 | Queue | Villager (Male) |
| 8:56 | Build | House |
| 9:27 | Research | Feudal Age |
| 9:35 | Build | Mining Camp |
| 9:44 | Queue | Villager (Male) |
| 9:44 | Queue | Villager (Male) |
| 11:36 | Build | House |
| 11:37 | Age | Feudal Age |
| 11:43 | Build | Market |
| 11:48 | Build | Blacksmith |
| 12:02 | Build | House |
| 13:17 | Build | Watch Tower |
| 13:40 | Research | Castle Age |
| 13:57 | Queue | Villager (Male) |
| 15:33 | Build | Barracks |
| 15:48 | Build | House |
| 16:04 | Build | Farm |
| 16:04 | Build | Farm |
| 16:04 | Build | Farm |
| 16:04 | Build | Farm |
| 16:05 | Build | Farm |
| 16:06 | Build | Farm |
| 16:20 | Age | Castle Age |
| 16:20 | Queue | Villager (Male) |
| 16:54 | Build | House |
| 16:58 | Build | Farm |
| 16:58 | Build | Farm |
| 17:09 | Queue | Villager (Male) |
| 17:15 | Build | Farm |
| 17:22 | Build | House |
| 17:31 | Queue | Villager (Male) |
| 17:41 | Build | Farm |
| 17:51 | Build | Farm |
| 17:51 | Build | Farm |
| 17:55 | Build | Farm |
| 17:55 | Build | Farm |
| 17:56 | Build | Farm |
| 17:57 | Research | Horse Collar |
| 18:15 | Build | Farm |
| 18:16 | Build | Farm |
| 18:25 | Research | Double-Bit Axe |
| 18:46 | Queue | Unit 2703 |
| 19:01 | Build | Lumber Camp |
| 19:03 | Queue | Villager (Male) |
| 19:17 | Queue | Unit 2703 |
| 19:17 | Queue | Unit 2703 |
| 19:20 | Queue | Villager (Male) |
| 19:30 | Queue | Villager (Male) |
| 19:41 | Queue | Unit 2703 |
| 20:12 | Build | Gate |
| 20:27 | Queue | Villager (Male) |
| 20:28 | Queue | Villager (Male) |
| 20:28 | Queue | Villager (Male) |
| 20:40 | Build | Siege Workshop |
| 20:42 | Queue | Villager (Male) |
| 20:42 | Queue | Villager (Male) |
| 20:57 | Build | Stone Wall |
| 21:23 | Queue | Battering Ram |
| 21:28 | Queue | Unit 2703 |
| 21:29 | Queue | Villager (Male) |
| 21:53 | Queue | Unit 2703 |
| 21:53 | Queue | Unit 2703 |
| 21:53 | Research | Squires |
| 21:55 | Queue | Villager (Male) |
| 22:12 | Queue | Battering Ram |
| 22:19 | Queue | Villager (Male) |
| 22:19 | Queue | Villager (Male) |
| 22:44 | Queue | Unit 2703 |
| 22:44 | Queue | Unit 2703 |
| 23:03 | Queue | Unit 2703 |
| 23:03 | Research | Arson |
| 23:07 | Research | Gambesons |
| 23:13 | Research | Forging |
| 23:13 | Research | Scale Mail Armor |
| 23:20 | Queue | Villager (Male) |
| 23:29 | Build | Mining Camp |
| 23:30 | Queue | Villager (Male) |
| 23:30 | Queue | Villager (Male) |
| 23:55 | Research | Heavy Plow |
| 24:13 | Queue | Unit 2703 |
| 24:13 | Queue | Unit 2703 |
| 24:17 | Queue | Villager (Male) |
| 24:22 | Build | House |
| 24:23 | Build | House |
| 24:54 | Queue | Villager (Male) |
| 24:58 | Queue | Unit 2703 |
| 24:58 | Queue | Unit 2703 |
| 25:17 | Queue | Villager (Male) |
| 25:22 | Build | Archery Range |
| 25:23 | Build | Archery Range |
| 25:24 | Queue | Villager (Male) |
| 26:21 | Queue | Villager (Male) |
| 26:21 | Queue | Villager (Male) |
| 26:29 | Build | Town Center |
| 26:31 | Queue | Villager (Male) |
| 26:37 | Queue | Ballestero montado |
| 26:37 | Queue | Ballestero montado |
| 26:43 | Research | Thumb Ring |
| 26:46 | Queue | Ballestero montado |
| 26:46 | Queue | Ballestero montado |
| 26:55 | Queue | Villager (Male) |
| 27:38 | Queue | Ballestero montado ×4 |
| 27:38 | Queue | Ballestero montado ×4 |
| 28:04 | Queue | Villager (Male) |
| 28:04 | Queue | Villager (Male) |
| 28:04 | Queue | Villager (Male) |
| 28:10 | Queue | Villager (Male) |
| 28:10 | Queue | Villager (Male) |
| 28:19 | Research | Fletching |
| 28:29 | Queue | Ballestero montado |
| 28:31 | Queue | Villager (Male) |
| 28:46 | Build | Stone Wall |
| 28:49 | Queue | Villager (Male) |
| 29:09 | Research | Padded Archer Armor |
| 29:23 | Build | Farm |
Build order — ChoRi-Wolo.gg
First 150 of 309 actions detected
| 0:02 | Queue | Villager (Male) |
| 0:02 | Queue | Villager (Male) |
| 0:02 | Queue | Villager (Male) |
| 0:02 | Queue | Villager (Male) |
| 0:03 | Queue | Villager (Male) |
| 0:06 | Build | House |
| 0:07 | Build | House |
| 1:31 | Queue | Villager (Male) |
| 1:51 | Build | Lumber Camp |
| 2:24 | Queue | Villager (Male) |
| 2:24 | Queue | Villager (Male) |
| 2:24 | Queue | Villager (Male) |
| 3:18 | Research | Loom |
| 3:34 | Queue | Villager (Male) |
| 3:34 | Queue | Villager (Male) |
| 3:35 | Queue | Villager (Male) |
| 4:54 | Queue | Villager (Male) |
| 4:55 | Queue | Villager (Male) |
| 4:55 | Queue | Villager (Male) |
| 4:55 | Queue | Villager (Male) |
| 5:10 | Build | House |
| 6:14 | Build | Mill |
| 6:25 | Queue | Villager (Male) |
| 6:26 | Queue | Villager (Male) |
| 6:26 | Queue | Villager (Male) |
| 7:20 | Queue | Villager (Male) |
| 7:44 | Build | House |
| 8:04 | Research | Feudal Age |
| 8:35 | Build | Barracks |
| 9:06 | Build | House |
| 9:08 | Build | House |
| 9:16 | Queue | Villager (Male) |
| 9:16 | Queue | Villager (Male) |
| 9:24 | Build | Palisade Wall |
| 9:35 | Build | Lumber Camp |
| 9:42 | Build | Mining Camp |
| 9:44 | Queue | Militia |
| 9:44 | Queue | Militia |
| 9:44 | Queue | Militia |
| 9:57 | Queue | Villager (Male) |
| 10:14 | Age | Feudal Age |
| 10:36 | Research | Man-at-Arms (upgrade) |
| 10:46 | Queue | Villager (Male) |
| 11:11 | Queue | Villager (Male) |
| 11:19 | Build | Mining Camp |
| 11:22 | Queue | Villager (Male) |
| 11:22 | Queue | Villager (Male) |
| 12:01 | Queue | Villager (Male) |
| 12:27 | Build | Watch Tower |
| 12:46 | Build | Farm |
| 12:46 | Build | Farm |
| 12:46 | Build | Farm |
| 12:46 | Build | Farm |
| 12:46 | Build | Farm |
| 12:47 | Build | Farm |
| 12:47 | Build | Farm |
| 12:51 | Queue | Villager (Male) |
| 12:52 | Queue | Villager (Male) |
| 12:53 | Queue | Villager (Male) |
| 12:53 | Queue | Villager (Male) |
| 13:17 | Build | Farm |
| 13:21 | Research | Double-Bit Axe |
| 13:42 | Queue | Villager (Male) |
| 13:45 | Build | Farm |
| 15:43 | Queue | Villager (Male) |
| 15:43 | Queue | Villager (Male) |
| 15:46 | Build | Farm |
| 15:47 | Build | Farm |
| 15:47 | Build | Farm |
| 15:47 | Build | Farm |
| 15:47 | Build | Farm |
| 15:47 | Build | Farm |
| 15:48 | Build | Farm |
| 15:48 | Build | Farm |
| 15:48 | Build | Farm |
| 15:48 | Build | Farm |
| 15:49 | Build | Farm |
| 15:49 | Build | Farm |
| 15:49 | Build | Farm |
| 15:53 | Queue | Villager (Male) |
| 15:53 | Queue | Villager (Male) |
| 16:21 | Build | Blacksmith |
| 16:34 | Build | Farm |
| 16:38 | Build | House |
| 17:00 | Research | Horse Collar |
| 17:05 | Build | House |
| 17:35 | Research | Wheelbarrow |
| 17:57 | Build | Lumber Camp |
| 18:41 | Build | Market |
| 18:51 | Queue | Spearman |
| 18:54 | Queue | Villager (Male) |
| 18:54 | Queue | Villager (Male) |
| 19:13 | Queue | Villager (Male) |
| 19:42 | Research | Castle Age |
| 20:21 | Research | Gold Mining |
| 21:01 | Queue | Villager (Male) |
| 21:02 | Queue | Villager (Male) |
| 21:02 | Queue | Villager (Male) |
| 21:03 | Queue | Villager (Male) |
| 22:04 | Research | Scale Mail Armor |
| 22:05 | Research | Fletching |
| 22:10 | Build | Archery Range |
| 22:13 | Build | House |
| 22:18 | Queue | Villager (Male) |
| 22:24 | Age | Castle Age |
| 22:28 | Build | Castle |
| 22:29 | Build | Castle |
| 22:50 | Build | Town Center |
| 23:16 | Build | House |
| 23:30 | Build | Mining Camp |
| 23:35 | Queue | Gbeto |
| 23:35 | Queue | Gbeto |
| 23:35 | Queue | Gbeto |
| 23:36 | Queue | Gbeto |
| 23:36 | Queue | Gbeto |
| 23:36 | Queue | Gbeto |
| 23:36 | Queue | Gbeto |
| 23:36 | Queue | Gbeto |
| 23:52 | Queue | Gbeto |
| 23:58 | Queue | Villager (Male) |
| 24:17 | Queue | Villager (Male) |
| 24:17 | Queue | Villager (Male) |
| 24:20 | Queue | Gbeto |
| 24:20 | Queue | Gbeto |
| 25:11 | Queue | Gbeto |
| 25:11 | Queue | Gbeto |
| 25:12 | Queue | Gbeto |
| 25:21 | Queue | Gbeto |
| 25:21 | Queue | Gbeto |
| 25:50 | Queue | Gbeto |
| 25:50 | Queue | Gbeto |
| 26:40 | Queue | Villager (Male) |
| 26:41 | Queue | Villager (Male) |
| 26:41 | Queue | Villager (Male) |
| 26:41 | Queue | Villager (Male) |
| 26:42 | Queue | Villager (Male) |
| 26:42 | Queue | Villager (Male) |
| 26:42 | Queue | Villager (Male) |
| 26:43 | Queue | Villager (Male) |
| 26:52 | Build | Town Center |
| 27:20 | Queue | Gbeto |
| 27:20 | Queue | Gbeto |
| 27:21 | Queue | Gbeto |
| 27:21 | Queue | Gbeto |
| 27:55 | Queue | Villager (Male) |
| 27:56 | Queue | Villager (Male) |
| 28:18 | Research | Bow Saw |
| 28:42 | Queue | Villager (Male) |
| 28:42 | Queue | Villager (Male) |
| 28:43 | Queue | Villager (Male) |
Match timeline
| 4:04 | topickiller2 · wall_segment Palisade Wall x12 |
| 4:38 | topickiller2 · wall_segment Palisade Wall x9 |
| 7:01 | topickiller2 · wall_segment Palisade Wall x8 |
| 8:35 | ChoRi-Wolo.gg · first_building Barracks |
| 8:38 | topickiller2 · wall_segment Palisade Wall x6 |
| 9:24 | ChoRi-Wolo.gg · wall_segment Palisade Wall x1 |
| 10:14 | ChoRi-Wolo.gg · age_up feudal |
| 11:37 | topickiller2 · age_up feudal |
| 12:50 | topickiller2 · first_market_sell 100 wood |
| 13:33 | topickiller2 · first_market_buy 100 food |
| 15:33 | topickiller2 · first_building Barracks |
| 16:20 | topickiller2 · age_up castle |
| 19:20 | ChoRi-Wolo.gg · first_market_buy 100 food |
| 20:40 | topickiller2 · first_building Siege Workshop |
| 20:57 | topickiller2 · wall_segment Stone Wall x9 |
| 22:10 | ChoRi-Wolo.gg · first_building Archery Range |
| 22:24 | ChoRi-Wolo.gg · age_up castle |
| 22:28 | ChoRi-Wolo.gg · first_building Castle |
| 25:22 | topickiller2 · first_building Archery Range |
| 28:46 | topickiller2 · wall_segment Stone Wall x1 |
| 36:46 | topickiller2 · wall_segment Stone Wall x8 |
| 38:03 | ChoRi-Wolo.gg · first_building Monastery |
| 38:15 | topickiller2 · wall_segment Stone Wall x15 |
| 39:46 | ChoRi-Wolo.gg · age_up imperial |
| 39:54 | topickiller2 · first_building Castle |
| 45:10 | topickiller2 · resign |
[ AI ANALYSIS · 1 CREDIT ]
What really happened in this match?
Wolo.gg analyzes every decision: build order, eco, micro, common mistakes by bracket. Personalized analysis on WhatsApp or Discord in 30 seconds.
Civ guide
Civ #62
Perfil
Jugador #26104422